 Dungeon Crawl Stone Soup version 0.30-a0-509-gd016549fea (webtiles) character file.

Game seed: 7966742967271544464

987 themarg the Destroyer (level 7, -3/50 HPs)
             Began as a Yellow Draconian Conjurer on Dec 23, 2022.
             Slain by a yak (9 damage)
             ... on level 4 of the Dungeon.
             The game lasted 00:07:44 (3655 turns).

themarg the Destroyer (Yellow Draconian Conjurer)   Turns: 3655, Time: 00:07:44

Health: -3/50      AC:  6    Str:  9    XL:     7   Next: 97%
Magic:  19/31      EV: 12    Int: 21    God:
Gold:   149        SH:  0    Dex:  9    Spells: 13/16 levels left

rFire   . . .      SeeInvis .    a - +7 Throatcutter {drain, coup de grace}
rCold   . . .      Faith    +    (no shield)
rNeg    + . .      Spirit   .    (body armour unavailable)
rPois   .          Reflect  .    (helmet restricted)
rElec   .          Harm     .    (no cloak)
rCorr   +          Rampage  .    (no gloves)
Will    .....                    (no boots)
Stlth   ++........               F
                                   - Hermit's Pendant {Faith Invo=14 Evo=0 MP+5}
HPRegen 0.28/turn                e - ring of positive energy
MPRegen 0.22/turn                u - ring of magical power

@: short of breath
A: spit acid, AC +6, unfitting armour, cold-blooded, acid resistance
a: Breathe Acid


You were on level 4 of the Dungeon.
You visited 1 branch of the dungeon, and saw 4 of its levels.

You collected 149 gold pieces.

Inventory:

Hand Weapons
 a - the +7 Throatcutter (weapon) {drain, coup de grace}
   (You took it off Terence on level 2 of the Dungeon)

   A truly terrible weapon, it drains the life of any living foe it strikes.
   It may instantly kill foes which have little health.
 d - a +0 morningstar
 v - a +2 dagger of freezing
Missiles
 g - 45 stones
 h - 8 poisoned darts
 C - 3 boomerangs
Armour
 s - a scarf of shadows
Magical Staves
 b - a staff of earth
Jewellery
 e - a ring of positive energy (left hand)
 u - a ring of magical power (right hand)
 y - a ring of poison resistance
 F - the Hermit's Pendant (around neck) {Faith Invo=14 Evo=0 MP+5}
   (You found it on level 4 of the Dungeon)

   [amulet of faith]

   It sets your invocations skill to 14 and your evocations skill to 0.
   It allows you to gain divine favour quickly.
   MP:        It affects your magic capacity (+5).
Wands
 w - a wand of quicksilver (2)
Scrolls
 c - 4 scrolls of identify
 j - a scroll of enchant weapon {unknown}
 l - a scroll of blinking {unknown}
 n - a scroll of teleportation {unknown}
 o - 2 scrolls of amnesia {unknown}
 q - a scroll of acquirement {unknown}
 r - a scroll of enchant armour {unknown}
 t - 2 scrolls of brand weapon {unknown}
 B - a scroll of silence {unknown}
 D - a scroll of noise {unknown}
 G - a scroll of poison {unknown}
Potions
 f - 2 potions of lignification {unknown}
 i - 2 potions of degeneration {unknown}
 k - 2 potions of curing
 m - a potion of magic
 p - a potion of brilliance {unknown}
 x - 2 potions of might {unknown}
 z - a potion of attraction {unknown}
 A - a potion of resistance {unknown}
 E - a potion of invisibility {unknown}


   Skills:
 - Level 1.7 Dodging
 - Level 3.0 Stealth
 - Level 5.0 Spellcasting
 * Level 8.3 Conjurations


You had 13 spell levels left.
You knew the following spells:

 Your Spells              Type           Power      Damage    Failure   Level
a - Magic Dart            Conj           100%       1d8       1%          1
b - Searing Ray           Conj           80%        2d7       1%          2

Your spell library contained the following spells:

 Spells                   Type           Power      Damage    Failure   Level
 Dazzling Flash           Conj/Hex       44%        N/A       6%          3
 Fulminant Prism          Conj/Hex       11%        3d9       19%         4
 Iskenderun's Mystic Bla  Conj/Tloc      22%        2d6       19%         4
 Tukima's Dance           Hex            5%         N/A       32%         3
 Passage of Golubria      Tloc           5%         N/A       71%         4
 Yara's Violent Unravell  Hex/Tmut       2%         3d3       96%         5


Dungeon Overview and Level Annotations

Branches:
Dungeon (4/15)
 Temple: D:4-7

Altars:
Gozag


Innate Abilities, Weirdness & Mutations

You can spit globs of acid.
Your golden yellow scales are hard. (AC +6)
You cannot fit into any form of body armour.
You are cold-blooded and may be slowed by cold attacks.
You are resistant to acid. (rCorr)


Message History

Your Conjurations skill increases to level 7!
As you read the scroll labelled INNIEC RIWIXI, it crumbles to dust.
It is a scroll of identify.
k - 4 potions of curing The yak misses you.
You slash the yak!
You kill the yak!
The yak gores you.
* * * LOW HITPOINT WARNING * * *
Okay, then.
You feel better. The yak gores you!
* * * LOW HITPOINT WARNING * * *
You feel better. The yak closely misses you.
Casting: Searing Ray (safe; 1% risk of failure)
Confirm with . or Enter, or press ? or * to list all spells.
Aiming: Searing Ray (safe; 1% risk of failure)
Press: ? - help, Shift-Dir - straight line, f - yak
Aim: a yak (severely wounded, 88% to hit)
The searing ray hits the yak!
The yak is almost dead.
The searing ray hits the yak.
The yak is lightly wounded.
The searing ray hits the yak!
The yak is moderately wounded. (Press . to maintain the ray.)
The yak gores you.
* * * LOW HITPOINT WARNING * * *
The searing ray hits the yak!
You kill the yak!
The searing ray hits the yak!
The yak is moderately wounded.
The searing ray hits the yak!
The yak is heavily wounded.
Your Conjurations skill increases to level 8!
The searing ray hits the yak but does no damage.
The yak is moderately wounded.
The searing ray hits the yak.
The yak is heavily wounded.
The yak gores you!
You die...

#........##.8.#
#........######
#........## ##
#.<.......# #.
###..######.## #.
#...## #..###. ##.###
##...#. ########..#
###... .......#@##
#.## .......#Y# #..#
....Y..#Y#### #.##
.Y>YY..#....## #.
.......#.##..##### .#
#...###'#...#+#.
#.#####.......####
#'#.#...........#.#+
###...##.........##...


You could see 2 yaks.

Vanquished Creatures
  4 yaks (D:4)
  A kobold brigand (D:4)
  A necrophage (D:4)
  An orc priest (D:4)
  A hound (D:4)
  An iguana (D:4)
  Jessica (D:3)
  Terence (D:2)
  3 adders
  3 gnolls (D:3)
  2 ufetubi
  2 dart slugs
  4 orcs (D:4)
  5 endoplasms
  2 giant cockroaches (D:1)
  10 goblins
  5 hobgoblins
  8 kobolds
  A quokka (D:4)
  7 ball pythons
  5 bats
  4 frilled lizards
  7 rats
79 creatures vanquished.

Notes
Turn   | Place    | Note
-------+----------+-------------------------------------------
     0 | D:1      | themarg the Draconian Conjurer began the quest for the Orb.
     0 | D:1      | Reached XP level 1. HP: 14/14 MP: 3/3
   377 | D:1      | Reached XP level 2. HP: 17/20 MP: 3/5
   415 | D:1      | Learned a level 2 spell: Searing Ray
  1144 | D:2      | Found an opulent altar of Gozag.
  1385 | D:2      | Noticed Terence
  1459 | D:2      | Killed Terence
  1460 | D:2      | Reached XP level 3. HP: 8/26 MP: 0/7
  1953 | D:2      | Found a faded altar of an unknown god.
  2061 | D:2      | Reached XP level 4. HP: 33/33 MP: 4/8
  2584 | D:3      | Reached skill level 5 in Conjurations
  2745 | D:3      | Noticed Jessica
  2747 | D:3      | Killed Jessica
  2748 | D:3      | Reached XP level 5. HP: 38/38 MP: 5/10
  2806 | D:3      | You fall into a shaft and drop 1 floor!
  3190 | D:4      | Reached XP level 6. HP: 42/45 MP: 12/12
  3452 | D:4      | Found a faded altar of an unknown god.
  3452 | D:4      | Found the Hermit's Pendant {Faith Invo=14 Evo=0 MP+5}
  3462 | D:4      | Reached skill level 6 in Conjurations
  3631 | D:4      | Noticed a yak
  3632 | D:4      | Noticed a yak
  3633 | D:4      | Noticed a yak
  3633 | D:4      | Noticed a yak
  3634 | D:4      | Noticed a yak
  3634 | D:4      | Noticed a yak
  3647 | D:4      | Killed a yak
  3648 | D:4      | Reached skill level 5 in Spellcasting
  3648 | D:4      | Your scales start taking on a golden yellow colour.
  3648 | D:4      | Reached XP level 7. HP: 5/50 MP: 17/17
  3648 | D:4      | Gained mutation: You are resistant to acid. (rCorr) [Yellow
                  | Draconian growth]
  3648 | D:4      | Killed a yak
  3649 | D:4      | Reached skill level 7 in Conjurations
  3650 | D:4      | Killed a yak
  3650 | D:4      | HP: 2/50 [yak (4)]
  3654 | D:4      | Killed a yak
  3655 | D:4      | Reached skill level 8 in Conjurations
  3655 | D:4      | Slain by a yak

Illustrated notes

Levels and vault maps discovered:
D:1:      lemuel_arrival_behind_the_door_large, layout_basic, serial_aquarium,
          aquarium_bridge_straight [aquarium_subvault_bridge,
          aquarium_subvault_window, aquarium_subvault_bridge,
          aquarium_subvault_window], aquarium_window_2, aquarium_window_2,
          aquarium_window_fake, aquarium_window_corner, aquarium_view_2c,
          aquarium_pool_side
D:2:      layout_basic, basic_altar, hellmonk_ecumenical_altar_crossroads,
          uniq_terence
D:3:      layout_rooms, nicolae_uskayaw_suspiria, minmay_quadrilaterals,
          uniq_jessica
D:4:      nicolae_cairo_tiling_very_big, layout_rooms, lemuel_round_altar,
          hellmonk_guarded_unrand_hermit

Skill      XL: |  1  2  3  4  5  6  7 |
---------------+----------------------+-----
Stealth        | 2 3 |  3.0
Spellcasting   | 3 4 5 |  5.0
Conjurations   | 5 6 8 |  8.3
Dodging        | |  1.7

Action                   |  1- 3 |  4- 6 |  7- 9 || total
-------------------------+-------+-------+-------++-------
Melee: Unarmed           |     6 |       |       ||     6
       Tailslap          |     5 |     1 |       ||     6
       Morningstar       |     4 |       |       ||     4
       Long sword        |       |    23 |     1 ||    24
 Cast: Magic Dart        |    64 |    12 |       ||    76
       Searing Ray       |     2 |    21 |     1 ||    24
 Abil: Breathe Acid      |       |       |     1 ||     1
  Use: Potion            |       |       |     2 ||     2
       Scroll            |       |       |     1 ||     1
 Stab: Sleeping          |       |     1 |       ||     1
Armor: Skin              |     4 |    11 |       ||    15
Dodge: Dodged            |    10 |    27 |     2 ||    39

Table legend: (Time is in decaauts)
 A = Elapsed time spent in this place.
 B = Non-inter-level travel time spent in this place.
 C = Inter-level travel time spent in this place.
 D = Time resting spent in this place.
 E = Time spent auto-exploring this place.
 F = Levels seen in this place.
 G = Mean time per level.
                   A        B        C        D        E       F      G
               +--------+--------+--------+--------+--------+-----+--------+
         Total |   3668 |   3619 |     49 |    272 |   2864 |   4 |  917.0 |
       Dungeon |   3668 |   3619 |     49 |    272 |   2864 |   4 |  917.0 |
               +--------+--------+--------+--------+--------+-----+--------+

Top non-repeatable levels by time:
     D:1: 1149 daAuts
     D:2: 1120 daAuts
     D:4: 853 daAuts
     D:3: 544 daAuts
